 Dungeon Crawl Stone Soup version 0.27-a0-988-g25969acef8 (webtiles) character file.

Game seed: 10296031154584612761

11 Lanoc the Shooter (level 2, -2/17 HPs)
             Began as a Deep Elf Hunter on Apr 15, 2021.
             Frozen to death by an endoplasm (5 damage)
             ... on level 1 of the Dungeon.
             The game lasted 00:00:59 (940 turns).

Lanoc the Shooter (Deep Elf Hunter)                  Turns: 940, Time: 00:01:00

Health: -2/17      AC:  4    Str:  9    XL:     2   Next: 17%
Magic:  4/4        EV: 12    Int: 15    God:
Gold:   40         SH:  0    Dex: 15    Spells: 1/1 levels left

rFire    . . .     SeeInvis .   a - +1 shortbow
rCold    . . .     Faith    .   (shield currently unavailable)
rNeg     . . .     Spirit   .   c - +0 leather armour
rPois    .         Reflect  .   (no helmet)
rElec    .         Harm     .   (no cloak)
rCorr    .         Rampage  .   (no gloves)
Will     .....                  e - +0 pair of boots
Stlth    ++........             (no amulet)
HPRegen  0.05/turn              (no ring)
MPRegen  0.09/turn              (no ring)

@: no status effects
A: no striking features
a: no special abilities


You were on level 1 of the Dungeon.
You visited 1 branch of the dungeon, and saw 1 of its levels.

You collected 40 gold pieces.

Inventory:

Hand Weapons
 a - a +1 shortbow (weapon)
 b - a +0 short sword
Missiles
 d - 17 arrows (quivered ammo)
Armour
 c - a +0 leather armour (worn)
 e - a +0 pair of boots (worn)
Scrolls
 f - a scroll of identify {unknown}
 g - a scroll of magic mapping {unknown}
Potions
 h - a potion of curing {unknown}


   Skills:
 + Level 1.8 Fighting
 * Level 5.7 Bows
 + Level 2.7 Dodging
 - Level 1.2 Stealth


You had one spell level left.
You didn't know any spells.
Your spell library was empty.

Dungeon Overview and Level Annotations

Branches:
Dungeon (1/15)

Altars:


Message History

The kobold is heavily wounded.
The kobold hits you but does no damage.
You miss the kobold.
The kobold is heavily wounded.
The kobold hits you but does no damage.
You hit the kobold but do no damage.
The kobold is heavily wounded.
The kobold misses you.
You hit the kobold but do no damage.
The kobold is heavily wounded.
The kobold barely misses you.
You hit the kobold.
You kill the kobold!
No target in view!
Things that are here:
a +0 dagger; a kobold corpse You now have 40 gold pieces (gained 19).
Things that are here:
a +0 dagger; a kobold corpse An endoplasm and a goblin come into view.
The goblin shouts!
The endoplasm quivers.
You barely miss the goblin. The goblin hits you with a +0 club.
You barely miss the goblin. The goblin hits you with a +0 club.
You closely miss the goblin. The goblin hits you with a +0 club.
You hit the goblin but do no damage. The endoplasm freezes you.
You are frozen.
The goblin hits you but does no damage.
a - a +1 shortbow (weapon)
The endoplasm freezes you.
You are frozen.
* * * LOW HITPOINT WARNING * * *
Fire: 18 arrows
Press: ? - help, Q - select action Shift-Dir - straight line, f - endoplasm
Aim: an endoplasm (86% to hit)
You shoot an arrow. The arrow hits the endoplasm.
The endoplasm is almost dead.
The endoplasm freezes you.
You are frozen.
You die...

##.###.# ......# #.
.....## #.# ......
#.#####
.....#####.....#
#.....#......#
#.##.###.#......######
#....J...#...........#
######@#....#.....##.#
#...............#
####.....##..#.##..#
#..................#
#.##.....##.#####.##
#....†......#......##
#)##.....####.####..#
#........##...# #.#
##.......##.#### ...


You could see an endoplasm.

Vanquished Creatures
  An endoplasm (D:1)
  A goblin (D:1)
  2 hobgoblins (D:1)
  2 ball pythons (D:1)
  2 bats (D:1)
  A frilled lizard (D:1)
  2 kobolds (D:1)
  A rat (D:1)
12 creatures vanquished.

Notes
Turn   | Place    | Note
-------+----------+-------------------------------------------
     0 | D:1      | Lanoc the Deep Elf Hunter began the quest for the Orb.
     0 | D:1      | Reached XP level 1. HP: 12/12 MP: 3/3
   550 | D:1      | Reached XP level 2. HP: 16/17 MP: 4/4
   940 | D:1      | Frozen to death by an endoplasm

Illustrated notes

Levels and vault maps discovered:
D:1:      psy_arrival_radial01, layout_basic,
          shapermc_ecumenical_altar_flowoftime

Action                   || total
-------------------------++-------
Melee: Short sword       ||    51
 Fire: Shortbow          ||    12
 Stab: Sleeping          ||     1
Armor: Leather armour    ||    23
Dodge: Dodged            ||    35

Table legend: (Time is in decaauts)
 A = Elapsed time spent in this place.
 B = Non-inter-level travel time spent in this place.
 C = Inter-level travel time spent in this place.
 D = Time resting spent in this place.
 E = Time spent auto-exploring this place.
 F = Levels seen in this place.
 G = Mean time per level.
                   A        B        C        D        E       F      G
               +--------+--------+--------+--------+--------+-----+--------+
         Total |    942 |    942 |      0 |      0 |    812 |   1 |  942.0 |
       Dungeon |    942 |    942 |      0 |      0 |    812 |   1 |  942.0 |
               +--------+--------+--------+--------+--------+-----+--------+

Top non-repeatable levels by time:
     D:1: 942 daAuts
